Unix NetHack Version 5.0.0-0 post-release - last build Jul 19 2026 19:10:59 (3aa4ab31751d3886436d94b585a96704892fd477,branch:main).

Game began 2026-07-21 12:06:35, ended 2026-07-21 12:27:24.

Booker, lawful male human Knight

                                       -------------
                                        ...........
                                         -.......-
                                         |.......|
                                         |.......|
                                         |......------
                                         -......|...@| |
                                        ...--|-%|.@h....
                                        --+|..|G-.._.| |
                                           |..|.|....|
                                           |..|.------
                                           ---|.
                                              +..
                                              |..
                                              -..
                                               ..
                                              ----

Booker the Esquire       St:15 Dx:9 Co:13 In:7 Wi:15 Ch:18  Lawful S:1432
Dlvl:5  $:67 HP:0(44) Pw:41(41) AC:0  Xp:5/212 T:2525  Burdened

Latest messages:
 You kill the monkey!
 You hear the chime of a cash register.
 You miss the gnomish wizard.
 The monkey misses!
 The monkey bites!
 The air crackles around the gnomish wizard.
 You miss the gnomish wizard.
 The monkey hits!
 The monkey stole a food ration.
 The monkey tries to run away with your food ration.
 The gnomish wizard points all around, then curses.
 You see here a monkey corpse.
 The gnomish wizard points all around, then curses.
 You hear a gnome lord incant STRC PRST SKRZ KRK.
 You hear someone cursing shoplifters.
 You kill the gnomish wizard!
 You see here a monkey corpse.
 The gnome wields an aklys!
 The gnome secures the tether on the aklys.
 You hear a door open.
 You kill the newt!
 The priestess of Manannan Mac Lir intones:
 "Pilgrim, you enter a sacred place!"
 You have a forbidding feeling...
 The gnome throws an aklys!
 You are hit by an aklys!
 The aklys returns to the gnome's hand!
 The gnome throws an aklys!
 An aklys misses you.
 You hit the dwarf.
 The dwarf swings his pick-axe.
 The dwarf hits!
 The dwarf swings his pick-axe.
 The dwarf hits!
 What do you want to drink? [M or ?*]
 You feel better.
 The dwarf swings his pick-axe.
 The dwarf hits!
 You miss the dwarf.
 You hit the dwarf!
 You miss the dwarf.
 You miss the dwarf.
 The dwarf swings his pick-axe.
 The dwarf misses!
 You hit the dwarf.
 The dwarf swings his pick-axe.
 The dwarf hits!
 The dwarf swings his pick-axe.
 The dwarf hits!
 You die...

Inventory:
 Coins    ('$')
  $ - 67 gold pieces
 Weapons  (')')
  a - an uncursed +1 long sword (weapon in right hand)
  b - an uncursed +1 lance (alternate weapon; not wielded)
 Armor    ('[')
  d - an uncursed +0 helmet (being worn)
  f - an uncursed +0 pair of leather gloves (being worn)
  N - a blessed +0 pair of iron shoes (being worn)
  e - an uncursed +0 small shield (being worn)
  E - an uncursed +0 elven mithril-coat (being worn)
 Comestibles  ('%')
  k - 2 uncursed mangos
  g - 8 uncursed apples
  h - 10 uncursed carrots
  I - an uncursed cram ration
  D - an uncursed tripe ration
  r - an uncursed tin of stir fried bat meat (at the ready)
 Spellbooks  ('+')
  L - an uncursed spellbook of healing
 Wands    ('/')
  G - an uncursed wand of digging (0:6)
 Tools    ('(')
  s - an uncursed sack containing 9 items
  J - an uncursed magic whistle
  q - an uncursed partly used tallow candle (lit)

Contents of the sack:
  217 gold pieces
  4 uncursed food rations
  an uncursed scroll of blank paper
  2 uncursed scrolls of enchant armor
  an uncursed scroll of light
  an uncursed scroll of taming
  a cursed scroll of teleportation
  5 uncursed potions of healing
  an uncursed potion of speed

Booker the Knight's attributes:

Background:
 You were an Esquire, a level 5 male human Knight.
 You were lawful, nominally on a mission for Lugh
 who was opposed by Brigit (neutral) and Manannan Mac Lir (chaotic).
 You were right-handed.
 You were in the Gnomish Mines, on level 5.
 You entered the dungeon 2525 turns ago.
 You had 212 experience points, 108 more were needed to attain level 6.
 Your score was 1432 before end-of-game adjustments.

Basics:
 You had 0 out of 44 hit points.
 You had all 41 energy points (spell power).
 Your armor class was 0.
 Your wallet contained 67 zorkmids, and
 you had 217 more stashed away in your pack.
 Autopickup was on for '$%?!"=/' plus thrown, with exceptions.

Final Characteristics:
 Your strength was 15 (limit:18/100).
 Your dexterity was 9 (limit:18).
 Your constitution was 13 (limit:18).
 Your intelligence was 7 (limit:18).
 Your wisdom was 15 (limit:18).
 Your charisma was 18 (limit:18).

Final Status:
 You weren't hungry.
 You were burdened; movement was slightly slowed.
 You were wielding a long sword.
 You had basic skill with long sword and could have enhanced that.

Final Attributes:
 You were piously aligned.
 You could jump.
 You were guarded.
 Your spell casting was impaired by metallic armor.
 You were fast.
 You are dead.

Miscellaneous:
 You disabled loading and storing of bones levels.
 Total elapsed playing time was 20 minutes and 47 seconds.

Major events:
 Turn
    1: Booker the lawful male human Knight entered the dungeon
  764: entered the Gnomish Mines
  792: attained the rank of Esquire (level 3)
 2480: reached Mine Town
 2525: killed by a dwarf

Spells:
 Name                 Level Category     Fail Retention
 healing                1   healing      100%  76%-100%

Skills:
 Fighting Skills
   bare handed combat [Unskilled]
   two weapon combat  [Unskilled]
   riding             [Basic]
 Weapon Skills
   dagger             [Unskilled]
   knife              [Unskilled]
   axe                [Unskilled]
   pick-axe           [Unskilled]
   short sword        [Unskilled]
   broadsword         [Unskilled]
   long sword         [Basic]
   two-handed sword   [Unskilled]
   saber              [Unskilled]
   club               [Unskilled]
   mace               [Unskilled]
   morning star       [Unskilled]
   flail              [Unskilled]
   hammer             [Unskilled]
   polearms           [Unskilled]
   spear              [Unskilled]
   trident            [Unskilled]
   lance              [Basic]
   bow                [Unskilled]
   crossbow           [Unskilled]
 Spellcasting Skills
   attack spells      [Unskilled]
   healing spells     [Unskilled]
   clerical spells    [Unskilled]

Voluntary challenges:
 Character rerolling was not enabled.
 You were an atheist.
 You never genocided any monsters.
 You never polymorphed an object.
 You never changed form.
 You used no wishes.
Achievements:
 You entered a shop.
 You entered the Gnomish Mines.
 You attained the rank of Esquire.
 You entered Minetown.
 You entered a temple.

 The Dungeons of Doom: levels 1 to 6
    Level 1:
    Level 2:
       An armor shop, a fountain.
       Stairs down to The Gnomish Mines.
    Level 3:
    Level 4:
       A sink.
    Level 5:
    Level 6:
 The Gnomish Mines: levels 3 to 5
    Level 3:
    Level 5: <- You were here.
       A temple and an altar.
       Final resting place for
          you, killed by a dwarf.


Vanquished creatures:
  2 gnomish wizards
  2 giant ants
  a dwarf
  2 homunculi
  a monkey
 an iguana
  2 acid blobs
  a gas spore
  3 hobbits
  2 giant rats
  a red mold
  7 gnomes
  2 geckos
  a jackal
  3 foxes
  a kobold
  3 goblins
  a sewer rat
  a grid bug
  2 bats
  a lichen
  a kobold zombie
 10 newts
51 creatures vanquished.

No species were genocided or became extinct.

Game over:
                       ----------
                      /          \
                     /    REST    \
                    /      IN      \
                   /     PEACE      \
                  /                  \
                  |      Booker      |
                  |      284 Au      |
                  |   killed by a    |
                  |      dwarf       |
                  |                  |
                  |                  |
                  |       2026       |
                 *|     *  *  *      | *
        _________)/\\_//(\/(/\)/\//\/|_)_______

Fare thee well Booker the Knight...

You died in The Gnomish Mines on dungeon level 5 with 1404 points,
and 284 pieces of gold, after 2525 moves.
You were level 5 with a maximum of 44 hit points when you died.

